AoeStats
← lbaquino21

Arena

508548831Analyzed
1v1 RM · 8d ago on Sep 23, 2026· 31m 36s· 2 players
Game mode
Random Map
Map size
Tiny (2 player)
Population
200
Speed
Normal
Resources
Standard
Victory
Conquest
Starting age
Dark Age
Ending age
Imperial Age
RankedLock teamsTeams togetherTeam positionsShared explorationLock speedFull tech treeHidden civsTurbo modeCheats
Victory
Defeat
🇨🇱 Teutons · Chile
998
+16
🇧🇷 Persians · Brazil
1000
-48
Gustmat
11:11 Feudal Age
16:19 Castle Age
15:10 Loom
15:11 Horse Collar
15:19 Double-Bit Axe
23:40 Fletching
30:18 Imperial Age
lbaquino21
9:31 Feudal Age
10:44 Wheelbarrow
10:35 Double-Bit Axe
10:34 Horse Collar
22:23 Castle Age
31:40 Scale Barding Armor
Connection lost

Rejoining the realm…

Still unreachable

The connection could not be restored.

Session expired

The server has moved on; the page needs a fresh start.